 Dungeon Crawl Stone Soup version 0.21-a0-630-g344d3514eb (webtiles) character file.

14604 4tharraofdagon the Arsonist (level 12, -11/88 HPs)
             Began as a Naga Fire Elementalist on Dec 26, 2017.
             Was a High Priest of Vehumet.
             Mangled by a red ugly thing (12 damage)
             ... on level 11 of the Dungeon.
             The game lasted 00:32:41 (4847 turns).

4tharraofdagon the Arsonist (NaFE)                  Turns: 4847, Time: 00:32:42

Health: -11/88     AC: 12    Str: 16    XL:     12   Next: 18%
Magic:  9/24       EV:  9    Int: 20    God:    Vehumet [*****.]
Gold:   717        SH:  0    Dex: 15    Spells: 11/27 levels left

rFire    . . .     SeeInvis +   v - +2 quarterstaff (chaos)
rCold    . . .     Gourm    .   (shield currently unavailable)
rNeg     + . .     Faith    .   x - +0 ring mail (curse)
rPois    +         Spirit   .   (no helmet)
rElec    .         Reflect  .   w - +0 cloak
rCorr    .         Harm     .   C - +2 pair of gloves {Dex+3}
MR       +....                  (no barding)
Stlth    ++........             o - amulet of magic regeneration (curse)
HPRegen  0.24/turn              e - ring of positive energy
MPRegen  0.44/turn              t - +5 ring of strength

@: about to teleport, very slow
A: large, molten scales 1, see invisible, deformed body, mutation resistance 1,
poison resistance, slowness 2, slow metabolism 1, spit poison 2, AC +4
a: Breathe Poison Gas, Renounce Religion


You were on level 11 of the Dungeon.
You worshipped Vehumet.
Vehumet was extremely pleased with you.
You were not hungry.

You visited 1 branch of the dungeon, and saw 11 of its levels.

You collected 717 gold pieces.

Inventory:

Hand Weapons
 k - a +1 dagger of venom
 v - a +2 quarterstaff of chaos (weapon)
Missiles
 y - 7 curare-tipped needles
Armour
 a - a +0 robe
 w - a +0 cloak (worn)
 x - a cursed +0 ring mail (worn)
 C - a +2 pair of gloves of dexterity (worn)
 N - +0 gold dragon scales
Magical Staves
 O - an uncursed staff of earth
 P - an uncursed staff of air
Jewellery
 e - a ring of positive energy (left hand)
 o - a cursed amulet of magic regeneration (around neck)
 t - a +5 ring of strength (right hand)
Wands
 n - a wand of paralysis (32)
 G - a wand of acid (13)
 H - a wand of polymorph (28)
Scrolls
 d - 5 scrolls of teleportation
 g - a scroll of enchant weapon {unknown}
 i - a scroll of magic mapping {unknown}
 l - a scroll of immolation {unknown}
 m - 3 scrolls of identify
 q - 2 scrolls of enchant armour {unknown}
 s - 2 scrolls of blinking {unknown}
 u - 3 scrolls of amnesia {unknown}
 A - 5 scrolls of remove curse {unknown}
 F - a scroll of silence
 J - a scroll of summoning {unknown}
 K - a scroll of random uselessness {unknown}
 M - a scroll of fear {unknown}
Potions
 f - 3 potions of haste
 h - 5 potions of curing
 j - 3 potions of mutation
 p - a potion of ambrosia
 r - 3 potions of berserk rage
 z - a potion of heal wounds
 B - a potion of lignification
 D - a potion of magic
 I - a potion of resistance
 L - 2 potions of flight {unknown}
Books
 b - a book of Flames

   Spells                             Type                      Level
   a - Flame Tongue                   Conjuration/Fire             1
   b - Throw Flame                    Conjuration/Fire             2
   c - Conjure Flame                  Conjuration/Fire             3
   d - Inner Flame                    Hexes/Fire                   3
   e - Sticky Flame                   Conjuration/Fire             4
   f - Fireball                       Conjuration/Fire             5
 E - a book of Conjurations

   Spells                             Type                      Level
   a - Magic Dart                     Conjuration                  1
   b - Searing Ray                    Conjuration                  2
   c - Dazzling Spray                 Conjuration/Hexes            3
   d - Fulminant Prism                Conjuration/Hexes            4
   e - Force Lance                    Conjuration/Translocation    4
   f - Iskenderun's Mystic Blast      Conjuration                  4
Comestibles
 c - 16 rations


   Skills:
 - Level 1.5 Dodging
 - Level 3.0 Stealth
 + Level 8.2 Spellcasting
 * Level 12.1 Conjurations
 * Level 12.4 Fire Magic


You had 11 spell levels left.
You knew the following spells:

 Your Spells              Type           Power        Failure   Level  Hunger
a - Flame Tongue          Conj/Fire      #####        1%          1    None
b - Sticky Flame          Conj/Fire      ######..     1%          4    ###....
c - Conjure Flame         Conj/Fire      ######..     1%          3    None
d - Ignite Poison         Fire/Tmut/Pois ###.....     2%          3    None
e - Fireball              Conj/Fire      ######....   1%          5    #####..


Dungeon Overview and Level Annotations

Branches:
Dungeon (11/15)               Orc (0/2) D:10
 Temple: D:4-7         Lair: D:8-11

Altars:
Ashenzari
Dithmenos
Fedhas
Nemelex Xobeh
Ru
Trog
Vehumet
Wu Jian
Xom
Zin

Shops:
D:10 (

Annotations:
D:10 Mandevil's ghost, novice MiIE


Innate Abilities, Weirdness & Mutations

You cannot wear boots.
Your serpentine skin is tough. (AC +4)
You have supernaturally acute eyesight. (SInv)
Armour fits poorly on your strangely shaped body.
Your system is resistant to poisons. (rPois)
You cover ground very slowly.
You have a slow metabolism.
You can exhale a cloud of poison.
You are partially covered in molten scales. (AC +2)
You are somewhat resistant to further mutation.


Message History

Aim: a red ugly thing (flame, moderately wounded)
The sticky flame hits the red ugly thing.
The red ugly thing resists.
The red ugly thing is moderately wounded.
The ettin changes into a spark wasp!
The red ugly thing is engulfed in blazing flames.
The red ugly thing trunk-slaps you!
You are engulfed in flames!
Unknown command.
Evoke which item? (* to show all) (? for menu, Esc to quit)
Okay, then.
The red ugly thing trunk-slaps you!
* * * LOW HITPOINT WARNING * * *
You are engulfed in flames!!
* * * LOW HITPOINT WARNING * * *
Unknown command.
Unknown command.
The red ugly thing trunk-slaps you.
* * * LOW HITPOINT WARNING * * *
You are engulfed in flames!
You die...

###().##..... #.# #.#
###)...#. #.# #.#
.....)##....# ###.###.#
.#.... # #...###
#.....#.# )..#.Y ..#
#...###.....#.# .. ##.
.u..# #...#.......# # #.
#....##y.......########
..
#..y††#u.......†.....#
YY
#......†#@#.#.##.#####.#
........#.#..#.#.# #.#
...K.##.#.#.###..# #.#
...#. #.#....#...# #.#
.# . ..#.##..#.## #.# #.
. #.#.##.##.# #.# .. ..
#.#.##.##.# #.# .#
#.##.##.# #..# #.##....#
#.##


You could see a red ugly thing and a spark wasp shaped shifter.

Vanquished Creatures
  A hydra (D:11)
  2 two-headed ogres
  Pikel (D:9)
  2 ugly things (D:11)
  Psyche (D:9)
  A gargoyle (D:11)
  A centaur zombie (D:11)
  A yaktaur (D:11)
  3 trolls
  Prince Ribbit (D:6)
  Grinder (D:6)
  A hornet (D:11)
  The ghost of Lifeless the Cudgeler, an amateur GrGl (D:4)
  Sigmund (D:6)
  2 vampires (D:11)
  A wyvern (D:9)
  16 yaks
  A hungry ghost (D:8)
  A steam dragon (D:11)
  7 orc warriors
  2 ice beasts
  A black bear (shapeshifter) (D:11)
  A necrophage (D:8)
  2 sky beasts (D:10)
  3 black bears
  2 phantoms
  12 centaurs
  7 ogres
  2 big kobolds
  4 bullfrogs
  2 scorpions
  4 killer bees
  2 howler monkeys
  An electric eel (D:10)
  2 crimson imps
  A quasit (D:5)
  Crazy Yiuf (D:5)
  8 hounds
  2 centaur skeletons
  5 orc priests
  A bullfrog skeleton (D:9)
  3 jellies
  Terence (D:2)
  5 iguanas
  Natasha (thrice) (D:2)
  5 orc wizards
  Ijyb (D:3)
  10 worker ants
  A killer bee zombie (D:6)
  A hound zombie (D:9)
  A hound skeleton (D:4)
  5 worker ant zombies
  5 gnolls
  7 adders
  An ooze (D:5)
  An adder zombie (D:7)
  An adder skeleton (D:6)
  A worm (D:5)
  4 dart slugs
  4 leopard geckos
  35 orcs
  6 giant cockroaches
  19 goblins
  11 hobgoblins
  3 jackals
  18 kobolds
  A quokka (D:9)
  2 ball pythons
  3 bats (D:2)
  2 frilled lizards
  3 leopard gecko skeletons
  A leopard gecko zombie (D:9)
  A quokka skeleton (D:4)
  8 rats
284 creatures vanquished.

Vanquished Creatures (others)
  A yak (D:9)
  A jelly (D:9)
  3 fungi (D:9)
  A plant (D:9)
6 creatures vanquished.

Grand Total: 290 creatures vanquished

Notes
Turn   | Place    | Note
-------+----------+-------------------------------------------
     0 | D:1      | 4tharraofdagon the Naga Fire Elementalist began the quest for the Orb.
     0 | D:1      | Reached XP level 1. HP: 15/15 MP: 3/3
   115 | D:2      | Gained mutation: You are partially covered in molten scales. (AC +2) [potion of mutation]
   115 | D:2      | Gained mutation: You can exhale a cloud of poison. [potion of mutation]
   115 | D:2      | Gained mutation: You are somewhat resistant to further mutation. [potion of mutation]
   124 | D:2      | Reached XP level 2. HP: 16/22 MP: 1/5
   264 | D:2      | Found a radiant altar of Vehumet.
   269 | D:2      | Became a worshipper of Vehumet
   299 | D:2      | Noticed Natasha
   305 | D:2      | Reached XP level 3. HP: 24/28 MP: 6/6
   305 | D:2      | Killed Natasha
   306 | D:2      | Reached XP level 4. HP: 27/36 MP: 7/7
   323 | D:2      | Learned a level 4 spell: Sticky Flame
   325 | D:2      | Noticed Natasha
   329 | D:2      | Killed Natasha
   363 | D:2      | Noticed Terence
   375 | D:2      | Killed Terence
   375 | D:2      | Reached XP level 5. HP: 19/42 MP: 6/9
   391 | D:2      | Learned a level 3 spell: Conjure Flame
   831 | D:1      | You fall through a shaft!
   854 | D:2      | Noticed Natasha
   857 | D:2      | Killed Natasha
   946 | D:3      | Found a shimmering altar of Xom.
   946 | D:3      | Found a glowing silver altar of Zin.
   947 | D:3      | Noticed an angel
   968 | D:3      | Reached * piety under Vehumet
   968 | D:3      | Offered knowledge of Sandblast by Vehumet.
  1045 | D:2      | Found a faded altar of an unknown god.
  1123 | D:3      | Noticed Ijyb
  1129 | D:3      | Paralysed by Ijyb for 2 turns
  1130 | D:3      | Killed Ijyb
  1130 | D:3      | Reached XP level 6. HP: 49/49 MP: 10/10
  1223 | D:3      | Reached skill level 5 in Fire Magic
  1291 | D:4      | Found a shadowy altar of Dithmenos.
  1368 | D:4      | Noticed Lifeless's ghost (amateur GrGl)
  1386 | D:4      | Killed Lifeless's ghost
  1386 | D:4      | Reached XP level 7. HP: 37/55 MP: 5/12
  1391 | D:5      | Entered Level 5 of the Dungeon
  1422 | D:5      | Offered knowledge of Freeze by Vehumet.
  1444 | D:5      | Reached ** piety under Vehumet
  1445 | D:5      | Reached skill level 5 in Conjurations
  1564 | D:5      | Offered knowledge of Throw Frost by Vehumet.
  1738 | D:5      | Found a runed door.
  1742 | D:5      | Noticed Crazy Yiuf
  1746 | D:5      | Killed Crazy Yiuf
  1746 | D:5      | Reached *** piety under Vehumet
  1806 | D:4      | Reached XP level 8. HP: 60/62 MP: 13/13
  1867 | D:4      | You fall through a shaft!
  1957 | D:3      | Offered knowledge of Ignite Poison by Vehumet.
  1985 | D:3      | Learned a level 3 spell: Ignite Poison
  1993 | D:3      | Found a shattered altar of Ashenzari.
  2255 | D:4      | Found a sparkling altar of Nemelex Xobeh.
  2303 | D:6      | Noticed Grinder
  2346 | D:6      | Killed Grinder
  2480 | D:6      | Noticed Prince Ribbit
  2484 | D:6      | Killed Prince Ribbit
  2484 | D:6      | Reached XP level 9. HP: 68/68 MP: 12/16
  2547 | D:6      | Reached skill level 5 in Spellcasting
  2568 | D:6      | Noticed Sigmund
  2573 | D:6      | Killed Sigmund
  2602 | D:6      | Reached **** piety under Vehumet
  2761 | D:7      | Offered knowledge of Lee's Rapid Deconstruction by Vehumet.
  2769 | D:7      | Learned a level 5 spell: Fireball
  3008 | D:8      | Found a sacrificial altar of Ru.
  3027 | D:8      | Reached XP level 10. HP: 75/75 MP: 16/18
  3420 | D:8      | Found a shadowy altar of Dithmenos.
  3420 | D:8      | Found a bloodstained altar of Trog.
  3438 | D:8      | Noticed a two-headed ogre
  3445 | D:8      | Killed a two-headed ogre
  3504 | D:9      | Reached skill level 10 in Fire Magic
  3511 | D:9      | Noticed Psyche
  3589 | D:9      | Found a blossoming altar of Fedhas.
  3749 | D:9      | Noticed Pikel
  3754 | D:9      | Reached skill level 10 in Conjurations
  3766 | D:9      | Killed Pikel
  3791 | D:9      | Killed Psyche
  3791 | D:9      | Reached XP level 11. HP: 51/81 MP: 11/21
  3804 | D:9      | Found an ornate altar of the Wu Jian Council.
  3876 | D:10     | Entered Level 10 of the Dungeon
  3964 | D:11     | Reached ***** piety under Vehumet
  4000 | D:10     | Offered knowledge of Olgreb's Toxic Radiance by Vehumet.
  4064 | D:10     | Found Gohueffa's Weapon Boutique.
  4066 | D:10     | Found a staircase to the Orcish Mines.
  4077 | D:10     | Noticed Mandevil's ghost (novice MiIE)
  4428 | D:11     | Noticed a two-headed ogre
  4434 | D:11     | Killed a two-headed ogre
  4551 | D:11     | Noticed a seven-headed hydra
  4558 | D:11     | Killed a seven-headed hydra
  4599 | D:11     | Noticed a brown ugly thing
  4599 | D:11     | Noticed a deep elf mage
  4601 | D:11     | Noticed a deep elf mage
  4762 | D:11     | Reached XP level 12. HP: 75/88 MP: 24/24
  4841 | D:11     | Noticed an ettin
  4845 | D:11     | Noticed a spark wasp
  4845 | D:11     | an ettin changed into a spark wasp
  4847 | D:11     | HP: 1/88 [red ugly thing (6)]
  4847 | D:11     | Mangled by a red ugly thing

Vault maps used:
D:1:      nzn_arrival_depleted_hourglass
D:2:      marbit_many_paths, chequers_ecumenical_altar_island, wad_orctagon,
          uniq_terence, uniq_natasha
D:3:      grunt_temple_overflow_order_and_chaos_1, nicolae_ashenzari_panopticon,
          uniq_ijyb
D:4:      nicolae_overflow_hidden_temple, first_ration,
          nicolae_dithmenos_through_a_glass_darkly
D:5:      corexii_shantytown, lemuel_temple_firewalk_b,
          kennysheep_big_empty_room, dk_noncrumbling_3, minmay_door_square,
          uniq_crazy_yiuf_cottage
D:6:      yredelemnul_forgotten_temple_becter, uniq_sigmund,
          uniq_prince_ribbit1, uniq_grinder
D:7:      lemuel_blue_sif_altar, grunt_gozag_breadcrumbs
D:8:      chequers_temple_overflow_statue_of_worship, nicolae_ru_awakened_eye,
          serial_column_ruins, column_ruins_hut_ruined, column_ruins_hut,
          column_ruins_corridor_straight, column_ruins_open_small_water,
          column_ruins_grid_3, column_ruins_corridor_corner,
          column_ruins_open_tiny, column_ruins_grid_3
D:9:      lemuel_doored_altar, fedhas_altar_3, dpeg_oklobed_lair, uniq_psyche,
          uniq_pikel
D:10:     orc_david_3
D:11:     minmay_the_grid_triangle_9x9_rhombus_full_mashed

Skill      XL: |  1  2  3  4  5  6  7  8  9 10 11 12 |
---------------+-------------------------------------+-----
Conjurations   | 2 3 4 5 7 8 10 11 12 | 12.1
Fire Magic     | 4 5 6 7 9 10 12 | 12.4
Spellcasting   | 3 4 5 6 8 |  8.2
Dodging        | |  1.5
Stealth        | |  3.0

Action                   |  1- 3 |  4- 6 |  7- 9 | 10-12 || total
-------------------------+-------+-------+-------+-------++-------
Melee: Unarmed           |    11 |     6 |       |       ||    17
       Dagger            |       |    51 |    48 |       ||    99
       Quarterstaff      |       |       |    72 |    89 ||   161
 Cast: Flame Tongue      |    10 |    36 |    67 |    68 ||   181
       Conjure Flame     |       |     3 |    10 |    10 ||    23
       Sticky Flame      |       |     1 |    13 |    37 ||    51
       Ignite Poison     |       |       |     8 |     6 ||    14
       Fireball          |       |       |     1 |    37 ||    38
 Abil: Spit Poison       |     4 |       |       |       ||     4
       Breathe Poison Ga |     4 |    12 |    19 |    20 ||    55
Evoke: Wand              |       |       |       |     1 ||     1
  Use: Potion            |     2 |       |       |     6 ||     8
       Scroll            |       |       |       |     9 ||     9
 Stab: Sleeping          |     1 |     3 |     1 |       ||     5
       Confused          |       |       |       |     1 ||     1
  Eat: Chunk             |       |     5 |    13 |    21 ||    39
       Ration            |       |       |       |     1 ||     1
Armor: Robe              |     4 |    24 |    36 |       ||    64
       Ring mail         |       |       |    41 |    86 ||   127
       Skin              |       |       |       |    21 ||    21
Dodge: Dodged            |    28 |    33 |    88 |    84 ||   233

Table legend:
 A = Spawn XP
 B = Non-spawn XP
 C = Spawn XP percentage of total XP
 D = Spawn monster count
 E = Non-spawn monster count
 F = Spawn count percentage of total count
 G = Total turns spent on level
                    A         B        C        D         E        F      G
               +---------+---------+-------+---------+---------+-------+---------
         Total |       0 |   20864 |   0.0 |       0 |     285 |   0.0 |  4847
               +---------+---------+-------+---------+---------+-------+---------
           D:1 |       0 |      23 |   0.0 |       0 |      14 |   0.0 |   438
           D:2 |       0 |     231 |   0.0 |       0 |      28 |   0.0 |   520
           D:3 |       0 |     184 |   0.0 |       0 |      25 |   0.0 |   450
           D:4 |       0 |     929 |   0.0 |       0 |      24 |   0.0 |   417
           D:5 |       0 |     555 |   0.0 |       0 |      45 |   0.0 |   562
           D:6 |       0 |    1631 |   0.0 |       0 |      19 |   0.0 |   356
           D:7 |       0 |     672 |   0.0 |       0 |      15 |   0.0 |   302
           D:8 |       0 |    2004 |   0.0 |       0 |      12 |   0.0 |   503
           D:9 |       0 |    3215 |   0.0 |       0 |      32 |   0.0 |   328
          D:10 |       0 |     964 |   0.0 |       0 |      17 |   0.0 |   258
          D:11 |       0 |   10456 |   0.0 |       0 |      54 |   0.0 |   713
               +---------+---------+-------+---------+---------+-------+---------

Vault maps used:
D:1:      nzn_arrival_depleted_hourglass
D:2:      marbit_many_paths, chequers_ecumenical_altar_island, wad_orctagon,
          uniq_terence, uniq_natasha
D:3:      grunt_temple_overflow_order_and_chaos_1, nicolae_ashenzari_panopticon,
          uniq_ijyb
D:4:      nicolae_overflow_hidden_temple, first_ration,
          nicolae_dithmenos_through_a_glass_darkly
D:5:      corexii_shantytown, lemuel_temple_firewalk_b,
          kennysheep_big_empty_room, dk_noncrumbling_3, minmay_door_square,
          uniq_crazy_yiuf_cottage
D:6:      yredelemnul_forgotten_temple_becter, uniq_sigmund,
          uniq_prince_ribbit1, uniq_grinder
D:7:      lemuel_blue_sif_altar, grunt_gozag_breadcrumbs
D:8:      chequers_temple_overflow_statue_of_worship, nicolae_ru_awakened_eye,
          serial_column_ruins, column_ruins_hut_ruined, column_ruins_hut,
          column_ruins_corridor_straight, column_ruins_open_small_water,
          column_ruins_grid_3, column_ruins_corridor_corner,
          column_ruins_open_tiny, column_ruins_grid_3
D:9:      lemuel_doored_altar, fedhas_altar_3, dpeg_oklobed_lair, uniq_psyche,
          uniq_pikel
D:10:     orc_david_3
D:11:     minmay_the_grid_triangle_9x9_rhombus_full_mashed
